 Dungeon Crawl Stone Soup version 0.21.0-3-g78d12a8 (webtiles) character file.

5400 magipi the Grappler (level 10, -11/85 HPs)
             Began as a Troll Hunter on Jan 13, 2018.
             Was a High Priest of Okawaru.
             Mangled by a warg (13 damage)
             ... on level 9 of the Dungeon.
             The game lasted 00:27:09 (7823 turns).

magipi the Grappler (Troll Hunter)                  Turns: 7823, Time: 00:27:09

Health: -11/85     AC:  6    Str: 22    XL:     10   Next: 40%
Magic:  9/9        EV: 10    Int: 13    God:    Okawaru [*****.]
Gold:   337        SH:  0    Dex: 13    Spells: 9/9 levels left

rFire    . . .     SeeInvis .     - Unarmed
rCold    . . .     Gourm    +   (no shield)
rNeg     . . .     Faith    .   b - +0 robe
rPois    .         Spirit   .   (helmet restricted)
rElec    .         Reflect  .   s - +0 cloak
rCorr    .         Harm     .   (gloves unavailable)
MR       .....                  (boots unavailable)
Stlth    +.........             (no amulet)
HPRegen  0.64/turn              (no ring)
MPRegen  0.11/turn              l - +6 ring of intelligence

@: no status effects
A: large, unfitting armour, claws 3, fast metabolism 3, gourmand, regeneration
1, shaggy fur 1, tough skin 2
a: Heroism, Finesse, Renounce Religion


You were on level 9 of the Dungeon.
You worshipped Okawaru.
Okawaru was extremely pleased with you.
You were full.

You visited 1 branch of the dungeon, and saw 9 of its levels.

You collected 469 gold pieces.
You spent 132 gold pieces at shops.

Inventory:

Missiles
 c - 10 large rocks (quivered)
 d - 2 throwing nets
Armour
 b - a +0 robe (worn)
 s - a +0 cloak (worn)
   (You took it off Crazy Yiuf on level 4 of the Dungeon)
Jewellery
 f - the ring "Vesac" {Fire rN+}
   (You found it on level 7 of the Dungeon)

   [ring of fire]

   It enhances your fire magic.
   It protects you from fire.
   It makes you vulnerable to cold.
   It protects you from negative energy.
 l - a +6 ring of intelligence (right claw)
   (You found it on level 1 of the Dungeon)
Wands
 m - a wand of paralysis (17)
   (You found it on level 8 of the Dungeon)
 n - a wand of polymorph (25)
   (You took it off Crazy Yiuf on level 4 of the Dungeon)
 t - a wand of iceblast (16)
   (You bought it in a shop on level 5 of the Dungeon)
 y - a wand of flame (26)
   (You found it on level 6 of the Dungeon)
Scrolls
 a - a scroll of remove curse
 h - 2 scrolls of noise
 i - 2 scrolls of teleportation
 j - 4 scrolls of identify
 u - 2 scrolls of fog
 v - a scroll of enchant weapon
Potions
 e - a potion of brilliance
 o - 2 potions of flight
 p - a potion of resistance
 q - a potion of mutation
 r - a potion of might
 z - a potion of invisibility
Comestibles
 w - 15 rations


   Skills:
 - Level 1.5 Fighting
 + Level 9.1 Throwing
 - Level 1.5 Dodging
 - Level 0.3 Stealth
 * Level 12.3 Unarmed Combat


You had 9 spell levels left.
You didn't know any spells.

Dungeon Overview and Level Annotations

Branches:
Dungeon (9/15)             Temple (0/1) D:7            Lair (0/6) D:9
    Orc: D:9-12

Altars:
Ashenzari
Nemelex Xobeh
Okawaru
Sif Muna
Uskayaw
Vehumet

Shops:
D:5 *   D:6 *=%[!

Annotations:
D:7 Ymberto's ghost, novice HuFi


Innate Abilities, Weirdness & Mutations

You are too large for most types of armour.
You have claws for hands.
Your metabolism is lightning-fast.
You like to eat raw meat.
Your natural rate of healing is unusually fast.
You are covered in fur. (AC +1)
You have very tough skin. (AC +2)


Message History

You hit the warg but do no damage.
The warg is heavily wounded.
The warg bites you but does no damage.
The orc priest miscasts a cantrip.
You smack the warg!
The warg is severely wounded.
The warg bites you but does no damage.
You hit the warg but do no damage.
The warg is severely wounded.
The warg bites you.
You closely miss the warg.
The warg is severely wounded.
The warg bites you but does no damage.
You smack the warg!
You kill the warg!
Okawaru accepts your kill.
You smack the orc priest!
Your punch misses the orc priest.
The orc priest is heavily wounded.
The orc priest looks braver for a moment.
The orc priest hits you but does no damage.
You pummel the orc priest!!
You kill the orc priest!
Okawaru accepts your kill.
The orc priest calls down the wrath of Beogh upon you.
Beogh smites you!
You cannot move.
Unknown command.
Throwing (i - inventory. (,) - cycle):
c - 10 large rocks (quivered)
Press: ? - help, Shift-Dir - straight line, f - orc priest
Aim: an orc priest, wielding a flail You throw a large rock.
The large rock hits the orc priest!
You kill the orc priest!
Okawaru accepts your kill.
Unknown command.
You start resting.
Your transformation is almost over.
You start resting.
You feel less wooden.
Your +0 cloak unmelds from your body.
Your +0 robe unmelds from your body.
Things that are here:
an enchanted flail; an orc corpse
c - 10 large rocks (gained 1)
You see here a flail.
There is a staircase to the Lair here.
You feel a little less agile now.
The warg stops to sniff the ground.
The warg barely misses you.
You barely miss the warg. The warg bites you but does no damage.
You mangle the warg!!
The warg is heavily wounded.
The warg bites you!
You barely miss the warg.
The warg is heavily wounded.
The warg misses you.
You closely miss the warg.
The warg is heavily wounded.
The warg barely misses you.
You completely miss the warg.
The warg is heavily wounded.
The warg bites you.
You closely miss the warg. You claw the warg!
The warg is severely wounded.
The warg bites you!
You claw the warg!
The warg is almost dead.
The warg barely misses you.
You barely miss the warg.
The warg is almost dead.
The warg closely misses you.
You closely miss the warg.
The warg is almost dead.
The warg closely misses you.
You completely miss the warg.
The warg is almost dead.
The warg bites you!
You closely miss the warg.
The warg is almost dead.
The warg bites you.
* * * LOW HITPOINT WARNING * * *
You barely miss the warg.
The warg is almost dead.
The warg bites you!
* * * LOW HITPOINT WARNING * * *
Unknown command.
You barely miss the warg.
The warg is almost dead.
The warg closely misses you.
Unknown command.
You scratch the warg but do no damage.
The warg is almost dead.
The warg bites you!
* * * LOW HITPOINT WARNING * * *
Unknown command.
You feel better. The warg bites you!
* * * LOW HITPOINT WARNING * * *
The warg barely misses you.
You closely miss the warg.
The warg is almost dead.
The warg bites you!
You die...

...#...P.......#)#
...##.........##)#
.. ###.....####.#
#.......##o)#
##.......##.########
#......h...........#
#.##...##..........#
.. #h#.............#
#@####..........#
#.##............#
.##...............#
......##..........#
..................#
#######.###.#######
#.# #.# #.# #.# #.#
#.#


You could see a warg.

Vanquished Creatures
  A two-headed ogre (D:8)
  Pikel (D:8)
  Grinder (D:3)
  Sigmund (D:3)
  A warg (D:9)
  Menkaure (D:4)
  2 ice beasts (D:5)
  Purgy (D:2)
  2 necrophages
  An orc warrior (D:8)
  2 black bears
  A sky beast (D:6)
  2 slaves (D:8)
  4 ogres
  A centaur (D:5)
  2 big kobolds
  Blork the orc (D:4)
  4 bullfrogs
  3 scorpions
  5 wights (D:7)
  4 howler monkeys
  2 crimson imps
  2 centaur zombies
  5 hounds
  Crazy Yiuf (D:4)
  6 orc priests
  A centaur skeleton (D:7)
  Jessica (D:2)
  Natasha (thrice) (D:2)
  14 worker ants
  An iguana (D:5)
  10 orc wizards
  Terence (D:2)
  2 killer bee zombies
  A hound skeleton (D:4)
  A worker ant zombie (D:3)
  5 adders
  An ooze (D:4)
  2 adder zombies (D:6)
  4 worms
  A dart slug (D:1)
  3 leopard geckos
  20 orcs
  8 bats
  7 giant cockroaches
  11 goblins
  5 hobgoblins
  10 jackals
  2 quokkas
  2 ball pythons
  2 frilled lizards
  16 kobolds
  4 rats
195 creatures vanquished.

Vanquished Creatures (others)
  An orc wizard (D:5)
1 creature vanquished.

Grand Total: 196 creatures vanquished

Notes
Turn   | Place    | Note
-------+----------+-------------------------------------------
     0 | D:1      | magipi the Troll Hunter began the quest for the Orb.
     0 | D:1      | Reached XP level 1. HP: 19/19 MP: 0/0
   168 | D:1      | Reached skill level 1 in Unarmed Combat
   191 | D:1      | Reached XP level 2. HP: 25/27 MP: 1/1
   286 | D:1      | Found a shattered altar of Ashenzari.
   618 | D:1      | Reached skill level 2 in Unarmed Combat
   838 | D:1      | Reached XP level 3. HP: 32/33 MP: 2/2
  1080 | D:2      | Noticed Natasha
  1091 | D:2      | Killed Natasha
  1102 | D:2      | Noticed Jessica
  1279 | D:2      | Noticed Natasha
  1286 | D:2      | Killed Natasha
  1286 | D:2      | Reached skill level 3 in Unarmed Combat
  1286 | D:2      | Reached XP level 4. HP: 25/41 MP: 3/3
  1328 | D:2      | Noticed Terence
  1338 | D:2      | Killed Terence
  1502 | D:2      | Killed Jessica
  1502 | D:2      | Reached XP level 5. HP: 48/48 MP: 4/4
  1520 | D:2      | Noticed Natasha
  1532 | D:2      | Killed Natasha
  1532 | D:2      | Reached skill level 4 in Unarmed Combat
  1937 | D:2      | Found an iron altar of Okawaru.
  1945 | D:2      | Became a worshipper of Warmaster Okawaru
  2021 | D:3      | Noticed Purgy
  2150 | D:2      | Killed Purgy
  2150 | D:2      | Reached XP level 6. HP: 43/55 MP: 5/5
  2239 | D:3      | Noticed Grinder
  2263 | D:3      | Paralysed by Grinder for 2 turns
  2272 | D:3      | Killed Grinder
  2272 | D:3      | Reached * piety under Okawaru
  2272 | D:3      | Reached skill level 5 in Throwing
  2272 | D:3      | Reached skill level 5 in Unarmed Combat
  2369 | D:3      | Reached XP level 7. HP: 60/62 MP: 6/6
  2465 | D:3      | Noticed Sigmund
  2470 | D:3      | Killed Sigmund
  2470 | D:3      | Reached skill level 6 in Unarmed Combat
  2727 | D:4      | Noticed Menkaure
  2747 | D:4      | Killed Menkaure
  2747 | D:4      | Reached skill level 7 in Unarmed Combat
  3119 | D:4      | Noticed Blork the orc
  3127 | D:4      | Killed Blork the orc
  3127 | D:4      | Reached XP level 8. HP: 42/70 MP: 7/7
  3182 | D:4      | Found a runed door.
  3186 | D:4      | Noticed Crazy Yiuf
  3187 | D:4      | Killed Crazy Yiuf
  3755 | D:4      | Found a sparkling altar of Nemelex Xobeh.
  3802 | D:5      | Entered Level 5 of the Dungeon
  3837 | D:5      | Reached ** piety under Okawaru
  3837 | D:5      | Reached skill level 8 in Unarmed Combat
  3983 | D:5      | Found an iron altar of Okawaru.
  3986 | D:5      | Found a deep blue altar of Sif Muna.
  3987 | D:5      | Found a shattered altar of Ashenzari.
  3987 | D:5      | Found a radiant altar of Vehumet.
  3992 | D:5      | Found a hide-covered altar of Uskayaw.
  4048 | D:5      | Reached skill level 9 in Unarmed Combat
  4097 | D:5      | Found Jill's Elemental Accessories.
  4105 | D:5      | Bought a wand of iceblast (7) for 132 gold pieces
  4583 | D:6      | Reached *** piety under Okawaru
  4584 | D:6      | Found Doysm's Distillery.
  4695 | D:6      | Reached XP level 9. HP: 76/76 MP: 8/8
  4740 | D:6      | Found Poletem's Food Boutique.
  4742 | D:6      | Found Xatz's Antique Armour Emporium.
  5078 | D:7      | Got a vibrating turquoise ring
  5084 | D:7      | Identified the ring "Vesac" {Fire rN+} (You found it on level 7 of the Dungeon)
  5098 | D:7      | Found a staircase to the Ecumenical Temple.
  5232 | D:7      | Noticed Ymberto's ghost (novice HuFi)
  5246 | D:6      | Found Foshut's Assorted Antiques.
  5263 | D:6      | Reached skill level 10 in Unarmed Combat
  5410 | D:6      | Found Jagrua Leth's Jewellery Shoppe.
  5723 | D:6      | Reached **** piety under Okawaru
  6560 | D:8      | Reached skill level 11 in Unarmed Combat
  6637 | D:8      | Found a deep blue altar of Sif Muna.
  6931 | D:8      | Noticed a two-headed ogre
  7060 | D:8      | Killed a two-headed ogre
  7060 | D:8      | Reached ***** piety under Okawaru
  7060 | D:8      | Reached XP level 10. HP: 53/85 MP: 9/9
  7296 | D:8      | Noticed Pikel
  7579 | D:8      | Killed Pikel
  7579 | D:8      | Reached skill level 12 in Unarmed Combat
  7712 | D:9      | Found a staircase to the Lair.
  7821 | D:9      | HP: 1/85 [warg (11)]
  7823 | D:9      | Mangled by a warg

Skill      XL: |  1  2  3  4  5  6  7  8  9 10 |
---------------+-------------------------------+-----
Unarmed Combat | 1 2 3 4 5 7 9 11 12 | 12.3
Throwing       | 4 5 6 7 8 9 |  9.1
Fighting       | |  1.5
Dodging        | |  1.5
Stealth        | |  0.3

Action                   |  1- 3 |  4- 6 |  7- 9 | 10-12 || total
-------------------------+-------+-------+-------+-------++-------
Melee: Unarmed           |    96 |   100 |   345 |    88 ||   629
       Punch             |       |     2 |    16 |     2 ||    20
Throw: Large rock        |       |     7 |    21 |     8 ||    36
  Use: Potion            |       |     5 |       |     4 ||     9
       Scroll            |       |       |    15 |     3 ||    18
 Stab: Sleeping          |     3 |       |     2 |     2 ||     7
  Eat: Chunk             |    14 |    14 |    41 |     6 ||    75
Armor: Robe              |    33 |    62 |    79 |    26 ||   200
       Skin              |       |       |       |     6 ||     6
Dodge: Dodged            |    42 |    66 |   132 |    48 ||   288

Action                   |  1- 3 |  4- 6 |  7- 9 | 10-12 || total
-------------------------+-------+-------+-------+-------++-------
Melee: Unarmed           |    96 |   100 |   345 |    88 ||   629
       Punch             |       |     2 |    16 |     2 ||    20
Throw: Large rock        |       |     7 |    21 |     8 ||    36
  Use: Potion            |       |     5 |       |     4 ||     9
       Scroll            |       |       |    15 |     3 ||    18
 Stab: Sleeping          |     3 |       |     2 |     2 ||     7
  Eat: Chunk             |    14 |    14 |    41 |     6 ||    75
Armor: Robe              |    33 |    62 |    79 |    26 ||   200
       Skin              |       |       |       |     6 ||     6
Dodge: Dodged            |    42 |    66 |   132 |    48 ||   288
